 Dungeon Crawl Stone Soup version 0.22.1 (webtiles) character file.

2566 JedernureinKreuz the Destroyer (level 9, -17/52 HPs)
             Began as a Gnoll Conjurer on Sept 17, 2018.
             Killed from afar by a wretched star (30 damage)
             ... with an orb of energy
             ... on level 1 of the Abyss on Sept 18, 2018.
             The game lasted 00:47:54 (6289 turns).

JedernureinKreuz the Destroyer (Gnoll Conjurer)     Turns: 6289, Time: 00:47:55

Health: -17/52     AC:  7    Str: 11    XL:     9   Next: 57%
Magic:  24/24      EV: 13    Int: 20    God:
Gold:   389        SH:  9    Dex: 16    Spells: 7/21 levels left

rFire    + . .     SeeInvis .   E - +2 flail (protect)
rCold    . . .     Gourm    .   t - +0 shield
rNeg     . . .     Faith    .   s - +2 leather armour {rF+}
rPois    .         Spirit   .   (no helmet)
rElec    .         Reflect  .   M - +1 cloak {MR+}
rCorr    .         Harm     .   O - +0 pair of gloves
MR       +....     Rnd*Tele +   (no boots)
Stlth    +++.......             (no amulet)
HPRegen  0.17/turn              n - ring of magical power
MPRegen  0.19/turn              o - ring of wizardry

@: no status effects
A: distributed training, fangs 1, [blurry vision 2], [deformed body],
[deterioration 2], [frail 2], [low mp 2], [teleportitis 2], [subdued magic 3],
strong nose
a: no special abilities


You were on level 1 of the Abyss.
You were hungry.

You visited 1 branch of the dungeon, and saw 7 of its levels.
You visited the Abyss 1 time.

You collected 389 gold pieces.

Inventory:

Hand Weapons
 e - a +1 dagger of venom
 i - a +0 dagger
 D - a +0 hand crossbow
 E - a +2 flail of protection (weapon)
 F - a +2 halberd of protection
 I - a +3 quarterstaff of chaos
 J - a +0 dagger of draining
 N - a -2 mace
 S - the +1 flail of Jaetsump {distort, Int+2}
   (You found it on level 5 of the Dungeon)

   It warps and distorts space around it.
   Unwielding it can cause banishment or high damage.
   It affects your intelligence (+2).
Missiles
 d - 47 sling bullets
 m - 9 poisoned needles
 r - 7 exploding tomahawks (quivered)
 A - 63 bolts
 B - 6 javelins
 G - 108 arrows
Armour
 a - a +0 robe
 b - a +0 leather armour
 s - a +2 leather armour of fire resistance (worn)
 t - a +0 shield (worn)
 u - a scarf of repulsion
 M - a +1 cloak of magic resistance (worn)
 O - a +0 pair of gloves (worn)
Magical Staves
 Z - an uncursed staff of death
Jewellery
 n - a ring of magical power (left hand)
 o - a ring of wizardry (right hand)
 P - an uncursed ring of positive energy
Wands
 f - a wand of flame (76)
 k - a wand of random effects (20)
 Q - a wand of digging (17)
 V - a wand of paralysis (6)
 W - a wand of scattershot (2)
Scrolls
 g - 2 scrolls of teleportation
 j - 3 scrolls of remove curse
 p - 3 scrolls of identify
 v - a scroll of magic mapping
 y - a scroll of noise {unknown}
 C - 2 scrolls of amnesia
 Y - a scroll of enchant armour {unknown}
Potions
 h - a potion of brilliance
 l - a potion of magic {unknown}
 q - a potion of berserk rage {unknown}
 w - a potion of ambrosia {unknown}
 x - a potion of curing {unknown}
 z - 2 potions of degeneration {unknown}
 H - a potion of cancellation {unknown}
 K - 3 potions of invisibility {unknown}
 L - a potion of mutation {unknown}
 R - a potion of agility {unknown}
 T - a potion of flight {unknown}
 U - 2 potions of resistance {unknown}
Comestibles
 c - 6 rations
 X - 2 chunks of flesh


   Skills:
 + Level 4.3 Fighting
 + Level 4.3 Short Blades
 + Level 4.3 Long Blades
 + Level 4.3 Axes
 + Level 4.3 Maces & Flails
 + Level 4.3 Polearms
 + Level 4.3 Staves
 + Level 4.3 Slings
 + Level 4.3 Bows
 + Level 4.3 Crossbows
 + Level 4.3 Throwing
 + Level 4.3 Armour
 + Level 6.3 Dodging
 + Level 6.1 Stealth
 + Level 4.3 Shields
 + Level 4.3 Unarmed Combat
 + Level 6.6 Spellcasting
 + Level 8.0 Conjurations
 + Level 3.5 Hexes
 + Level 3.5 Charms
 + Level 3.5 Summonings
 + Level 3.5 Necromancy
 + Level 3.5 Translocations
 + Level 3.5 Transmutations
 + Level 3.5 Fire Magic
 + Level 3.5 Ice Magic
 + Level 3.5 Air Magic
 + Level 3.5 Earth Magic
 + Level 3.5 Poison Magic
 + Level 4.7 Invocations
 + Level 4.3 Evocations


You had 7 spell levels left.
You knew the following spells:

 Your Spells              Type           Power        Failure   Level  Hunger
a - Magic Dart            Conj           ###.         1%          1    None
b - Iskenderun's Mystic   Conj           ###.....     4%          4    ###....
c - Dazzling Spray        Conj/Hex       ###...       3%          3    #......
d - Conjure Flame         Conj/Fire      ###.....     3%          3    #......
e - Confuse               Hex            ##......     9%          3    #......

Your spell library contained the following spells:

 Spells                   Type           Power        Failure   Level  Hunger
 Searing Ray              Conj           ###...       1%          2    None
 Beastly Appendage        Tmut           ##....       2%          1    None
 Confusing Touch          Hex            ##....       2%          1    None
 Corona                   Hex            ##.....      2%          1    None
 Blink                    Tloc           N/A          4%          2    None
 Call Imp                 Summ           ##......     4%          2    None
 Ensorcelled Hibernation  Hex/Ice        ##....       4%          2    None
 Slow                     Hex            ##......     4%          2    None
 Sticks to Snakes         Tmut           ##......     4%          2    None
 Mephitic Cloud           Conj/Pois/Air  ##......     4%          3    #......
 Gell's Gravitas          Tloc           ##........   9%          3    #......
 Spider Form              Tmut/Pois      ##........   9%          3    #......
 Tukima's Dance           Hex            ##......     9%          3    #......
 Force Lance              Conj/Tloc      ###.....     12%         4    ###....
 Fulminant Prism          Conj/Hex       ###.......   12%         4    ###....
 Ice Form                 Ice/Tmut       ##......     32%         4    ###....
 Petrify                  Tmut/Erth      ##......     32%         4    ###....
 Summon Lightning Spire   Summ/Air       ##......     32%         4    ###....
 Blade Hands              Tmut           ##........   65%         5    #####..
 Metabolic Englaciation   Hex/Ice        ##........   65%         5    #####..
 Silence                  Hex/Air        ##........   65%         5    #####..
 Yara's Violent Unravell  Hex/Tmut       ##........   65%         5    #####..
 Conjure Ball Lightning   Conj/Air       ###.......   89%         6    ######.
 Deflect Missiles         Chrm/Air       ##........   99%         6    ######.
 Tornado                  Air            ##........   100%        9    #######


Dungeon Overview and Level Annotations

Branches:
Dungeon (7/15)
 Temple: D:4-7

Altars:
Ashenzari
Dithmenos
Elyvilon
Fedhas
Hepliaklqana
Makhleb
Nemelex Xobeh
Okawaru
Ru
Trog
Uskayaw
Vehumet


Innate Abilities, Weirdness & Mutations

Your experience applies equally to all skills.
You have very sharp teeth.
Your uncanny sense of smell can sniff out nearby items.
[Scrolls take you longer to read.]
[Armour fits poorly on your strangely shaped body.]
[Your body often deteriorates upon taking damage.]
[You are very frail. (-20% HP)]
[Your magical capacity is very low. (-20% MP)]
[You are sometimes teleported next to monsters.]
[Your spells are much easier to cast, but much less powerful.]


Message History

The wretched star pulses with an eldritch light!
Your connection to magic feels nearly dormant.
Found a gateway leading out of the Abyss.
The wretched star glows turbulently.
The orb of energy hits you!
* * * LOW HITPOINT WARNING * * *
The orb of energy explodes!
You see here a black potion.
U - 2 black potions (gained 1)
The wretched star glows turbulently.
The orb of energy misses you.
The wretched star pulses with an eldritch light!
You feel yourself wasting away.
You feel your body start to fall apart.
The wretched star glows turbulently.
You block the orb of energy.
You begin reading the scroll.
You continue reading the scroll.
The wretched star glows turbulently.
The orb of energy hits you!
Ouch! That really hurt!
You die...

.. ..#.... . .
##..... #.....#
###.#∆ . ........ .#
#..Z #.#.# .... ..
#... ##..######.##
#..Z#......## ###
#..#*#.#.#..# #@##
#.##...#...###..##
#.##.#.
##....##*.##### ..
##...#...*...........
. . .....Z###........
. #
#.#.#....#.........#
# # ....
...####....#..
#∩.#..#.... .......
... .###..... #######


You could see a wretched star.

Vanquished Creatures
  A smoke demon (Abyss:1)
  Eustachio (D:6)
  Menkaure (D:6)
  An orc warrior (D:6)
  Duvessa (D:4)
  2 sky beasts
  An eye of draining (D:5)
  An ice beast (D:6)
  3 centaurs
  2 ogres
  2 scorpions
  Dowan (D:4)
  2 howler monkeys
  A crimson imp (D:5)
  4 hounds
  Crazy Yiuf (D:4)
  3 orc wizards
  3 iron imps (D:6)
  Ijyb (D:3)
  3 iguanas (D:6)
  Natasha (D:2)
  5 worker ants
  4 gnolls (D:4)
  7 adders
  A shadow imp (D:5)
  An adder skeleton (D:4)
  3 dart slugs
  2 leopard geckos
  6 orcs
  3 ball pythons
  8 giant cockroaches
  6 goblins
  6 hobgoblins
  6 jackals
  2 kobolds (D:3)
  2 quokkas
  5 bats
  8 frilled lizards
  2 jackal skeletons (D:4)
  A leopard gecko zombie (D:5)
  A quokka skeleton (D:4)
  5 rats
120 creatures vanquished.

Vanquished Creatures (others)
  A quokka (D:4)
1 creature vanquished.

Grand Total: 121 creatures vanquished

Notes
Turn   | Place    | Note
-------+----------+-------------------------------------------
     0 | D:1      | JedernureinKreuz the Gnoll Conjurer began the quest for the
                  | Orb.
     0 | D:1      | Reached XP level 1. HP: 13/13 MP: 6/6
   146 | D:1      | Reached XP level 2. HP: 19/19 MP: 2/7
   412 | D:1      | Reached XP level 3. HP: 22/25 MP: 0/9
   594 | D:1      | Reached skill level 5 in Spellcasting
   866 | D:2      | Noticed a scorpion
   874 | D:2      | Killed a scorpion
   874 | D:2      | Reached skill level 1 in Fighting
   874 | D:2      | Reached skill level 1 in Short Blades
   874 | D:2      | Reached skill level 1 in Long Blades
   874 | D:2      | Reached skill level 1 in Axes
   874 | D:2      | Reached skill level 1 in Maces & Flails
   874 | D:2      | Reached skill level 1 in Polearms
   874 | D:2      | Reached skill level 1 in Staves
   874 | D:2      | Reached skill level 1 in Slings
   874 | D:2      | Reached skill level 1 in Bows
   874 | D:2      | Reached skill level 1 in Crossbows
   874 | D:2      | Reached skill level 1 in Throwing
   874 | D:2      | Reached skill level 1 in Armour
   874 | D:2      | Reached skill level 1 in Shields
   874 | D:2      | Reached skill level 1 in Unarmed Combat
   874 | D:2      | Reached skill level 1 in Invocations
   874 | D:2      | Reached skill level 1 in Evocations
   874 | D:2      | Reached XP level 4. HP: 22/32 MP: 11/11
   888 | D:2      | Learned a level 4 spell: Iskenderun's Mystic Blast
   892 | D:2      | Learned a level 3 spell: Dazzling Spray
   896 | D:2      | Learned a level 3 spell: Conjure Flame
   911 | D:2      | Noticed Natasha
   914 | D:2      | Killed Natasha
   914 | D:2      | Reached skill level 1 in Hexes
   914 | D:2      | Reached skill level 1 in Charms
   914 | D:2      | Reached skill level 1 in Summonings
   914 | D:2      | Reached skill level 1 in Necromancy
   914 | D:2      | Reached skill level 1 in Translocations
   914 | D:2      | Reached skill level 1 in Transmutations
   914 | D:2      | Reached skill level 1 in Fire Magic
   914 | D:2      | Reached skill level 1 in Ice Magic
   914 | D:2      | Reached skill level 1 in Air Magic
   914 | D:2      | Reached skill level 1 in Earth Magic
   914 | D:2      | Reached skill level 1 in Poison Magic
  1171 | D:2      | Found a shadowy altar of Dithmenos.
  1244 | D:3      | Noticed Ijyb
  1252 | D:3      | Killed Ijyb
  1252 | D:3      | Reached XP level 5. HP: 24/37 MP: 12/12
  1284 | D:3      | Learned a level 3 spell: Confuse
  1343 | D:3      | Found a hide-covered altar of Uskayaw.
  1556 | D:3      | Found a bloodstained altar of Trog.
  1623 | D:3      | Found an iron altar of Okawaru.
  1695 | D:3      | Found a radiant altar of Vehumet.
  1756 | D:3      | Found a hazy altar of Hepliaklqana.
  2017 | D:4      | Reached XP level 6. HP: 44/44 MP: 13/13
  2068 | D:4      | You fall through a shaft!
  2068 | D:5      | Entered Level 5 of the Dungeon
  2076 | D:5      | Found a shattered altar of Ashenzari.
  2288 | D:5      | Noticed a sky beast
  2328 | D:4      | Killed a sky beast
  2328 | D:4      | Reached skill level 5 in Dodging
  2564 | D:4      | Reached XP level 7. HP: 47/50 MP: 15/15
  2592 | D:4      | Noticed Duvessa
  2593 | D:4      | Noticed Dowan
  2626 | D:4      | Found a white marble altar of Elyvilon.
  2669 | D:4      | Killed Dowan
  3346 | D:4      | Reached skill level 5 in Stealth
  3499 | D:4      | Killed Duvessa
  3499 | D:4      | Reached XP level 8. HP: 43/57 MP: 7/16
  3615 | D:4      | Found a runed door.
  3619 | D:4      | Noticed Crazy Yiuf
  3815 | D:4      | Killed Crazy Yiuf
  4009 | D:5      | Found a sacrificial altar of Ru.
  4115 | D:5      | Found a blossoming altar of Fedhas.
  4535 | D:5      | Found a sparkling altar of Nemelex Xobeh.
  4896 | D:5      | Got a fine flail
  4897 | D:5      | Identified the +1 flail of Jaetsump {distort, Int+2} (You
                  | found it on level 5 of the Dungeon)
  5211 | D:6      | Noticed Eustachio
  5247 | D:6      | Killed Eustachio
  5324 | D:6      | Reached XP level 9. HP: 50/65 MP: 11/18
  5546 | D:6      | Noticed Menkaure
  5554 | D:6      | Killed Menkaure
  5868 | D:6      | Found a burning altar of Makhleb.
  6001 | D:6      | Found a bloodstained altar of Trog.
  6229 | D:7      | Cast into level 1 of the Abyss (a distortion unwield)
  6249 | Abyss:1  | Noticed a smoke demon
  6260 | Abyss:1  | Noticed a wretched star
  6262 | Abyss:1  | Killed a smoke demon
  6262 | Abyss:1  | Reached skill level 8 in Conjurations
  6289 | Abyss:1  | Killed from afar by a wretched star

Skill      XL: |  1  2  3  4  5  6  7  8  9 |
---------------+----------------------------+-----
Spellcasting   | 5 6 |  6.6
Fighting       | 1 2 3 4 |  4.3
Short Blades   | 1 2 3 4 |  4.3
Long Blades    | 1 2 3 4 |  4.3
Axes           | 1 2 3 4 |  4.3
Maces & Flails | 1 2 3 4 |  4.3
Polearms       | 1 2 3 4 |  4.3
Staves         | 1 2 3 4 |  4.3
Slings         | 1 2 3 4 |  4.3
Bows           | 1 2 3 4 |  4.3
Crossbows      | 1 2 3 4 |  4.3
Throwing       | 1 2 3 4 |  4.3
Armour         | 1 2 3 4 |  4.3
Shields        | 1 2 3 4 |  4.3
Unarmed Combat | 1 2 3 4 |  4.3
Invocations    | 1 2 3 4 |  4.7
Evocations     | 1 2 3 4 |  4.3
Hexes          | 1 2 3 |  3.5
Charms         | 1 2 3 |  3.5
Summonings     | 1 2 3 |  3.5
Necromancy     | 1 2 3 |  3.5
Translocations | 1 2 3 |  3.5
Transmutations | 1 2 3 |  3.5
Fire Magic     | 1 2 3 |  3.5
Ice Magic      | 1 2 3 |  3.5
Air Magic      | 1 2 3 |  3.5
Earth Magic    | 1 2 3 |  3.5
Poison Magic   | 1 2 3 |  3.5
Dodging        | 5 6 |  6.3
Stealth        | 5 6 |  6.1
Conjurations   | 8 |  8.0

Action                   |  1- 3 |  4- 6 |  7- 9 || total
-------------------------+-------+-------+-------++-------
Melee: Dagger            |     9 |    43 |    28 ||    80
       Bite              |     1 |     3 |    21 ||    25
       Halberd           |       |       |    65 ||    65
       Quarterstaff      |       |       |    48 ||    48
       Flail             |       |       |    84 ||    84
 Cast: Magic Dart        |    50 |    61 |    52 ||   163
       Iskenderun's Myst |       |     5 |    25 ||    30
       Dazzling Spray    |       |     1 |    14 ||    15
       Conjure Flame     |       |     1 |       ||     1
       Confuse           |       |       |     5 ||     5
  Use: Scroll            |       |     7 |     2 ||     9
 Stab: Sleeping          |       |     2 |     3 ||     5
       Invisible         |       |     1 |     6 ||     7
  Eat: Chunk             |       |     6 |    15 ||    21
       Ration            |       |       |     1 ||     1
Armor: Leather armour    |     2 |    14 |   121 ||   137
Dodge: Dodged            |     5 |    33 |   195 ||   233
Block: Shield            |       |    10 |    28 ||    38
